 Dungeon Crawl Stone Soup version 0.27-b1-16-g6517624069 (webtiles) character file.

Game seed: 13298180973349261964

46 Urokeeper the Skirmisher (level 3, -4/33 HPs)
             Began as a Hill Orc Fighter on July 26, 2021.
             Slain by an orc warrior (8 damage)
             ... on level 3 of the Dungeon.
             The game lasted 00:04:57 (1244 turns).

Urokeeper the Skirmisher (Hill Orc Fighter)         Turns: 1244, Time: 00:04:58

Health: -4/33      AC:  9    Str: 19    XL:     3   Next: 68%
Magic:  3/3        EV:  7    Int:  8    God:
Gold:   54         SH:  9    Dex: 10    Spells: 2/2 levels left

rFire    . . .     SeeInvis .   a - +0 war axe
rCold    . . .     Faith    .   c - +0 kite shield
rNeg     . . .     Spirit   .   b - +0 scale mail
rPois    .         Reflect  .   (no helmet)
rElec    .         Harm     .   (no cloak)
rCorr    .         Rampage  .   f - +1 pair of gloves
Will     .....                  (no boots)
Stlth    ..........             (no amulet)
HPRegen  0.11/turn              (no ring)
MPRegen  0.08/turn              (no ring)

@: mighty
A: no striking features
a: no special abilities


You were on level 3 of the Dungeon.
You visited 1 branch of the dungeon, and saw 3 of its levels.

You collected 54 gold pieces.

Inventory:

Hand Weapons
 a - a +0 war axe (weapon)
Missiles
 h - 17 arrows
Armour
 b - a +0 scale mail (worn)
 c - a +0 kite shield (worn)
 f - a +1 pair of gloves (worn)
 g - a +0 ring mail
Magical Staves
 i - a staff of air
Scrolls
 e - 2 scrolls of teleportation {unknown}
 j - a scroll of identify {unknown}
 k - a scroll of torment {unknown}


   Skills:
 + Level 3.9 Fighting
 + Level 3.8 Axes
 + Level 3.7 Armour
 + Level 3.7 Shields


You had 2 spell levels left.
You didn't know any spells.
Your spell library was empty.

Dungeon Overview and Level Annotations

Branches:
Dungeon (3/15)

Altars:
Zin


Message History

The kobold is moderately wounded.
You block the kobold's attack.
You closely miss the kobold.
The kobold is moderately wounded.
The kobold hits you with a +0 short sword. x2
You closely miss the kobold.
The kobold is moderately wounded.
The kobold barely misses you.
You closely miss the kobold.
The kobold is moderately wounded.
The kobold barely misses you. You block the kobold's attack.
You slash the kobold!
You kill the kobold!
Found a scroll labelled CEXZIQAEMANG.
Things that are here:
a +0 short sword; 3 stones; a kobold corpse A ball python comes into view.
Things that are here:
a +0 short sword; 3 stones; a kobold corpse The ball python bites you but does no damage.
You block the ball python's attack.
You slash the ball python!
You kill the ball python!
An orc warrior comes into view. It is wielding a +0 scimitar.
The orc warrior shouts!
You hear a shout! x2
An orc comes into view. It is wielding a +0 whip.
You hear a shout!
You see here a +0 rapier.
An orc comes into view. It is wielding a +0 flail.
An orc wizard comes into view. It is wielding a +0 dagger.
A bullfrog skeleton comes into view.
You feel very mighty all of a sudden.
The orc warrior hits you with a +0 scimitar!
An orc comes into view. It is wielding a +0 short sword.
You barely miss the orc warrior.
The orc shouts!
The orc warrior hits you with a +0 scimitar!
* * * LOW HITPOINT WARNING * * *
The orc warrior hits you with a +0 scimitar!
You die...

#.#####.#.
#######.........
(......<.#....#
##...>†....##.#
#.........#
#.........#
#.........##
#........).####
........)...@oo#
#..........###..ooo.
.#.........# ##...
...##.#....... .
.............##
#?..#.........
#...........[..
#..............
....#........


You could see an orc warrior, an orc wizard and 3 orcs.

Vanquished Creatures
  A worm (D:2)
  A dart slug (D:1)
  4 ball pythons
  5 bats
  3 endoplasms
  3 giant cockroaches
  3 goblins (D:2)
  5 hobgoblins
  4 kobolds
  A quokka (D:1)
  2 frilled lizards
  3 rats
35 creatures vanquished.

Notes
Turn   | Place    | Note
-------+----------+-------------------------------------------
     0 | D:1      | Urokeeper the Hill Orc Fighter began the quest for the Orb.
     0 | D:1      | Reached XP level 1. HP: 19/19 MP: 1/1
    98 | D:1      | Reached XP level 2. HP: 27/27 MP: 2/2
   508 | D:2      | Reached XP level 3. HP: 33/33 MP: 3/3
   664 | D:2      | Found a glowing silver altar of Zin.
   953 | D:2      | Found a faded altar of an unknown god.
  1239 | D:3      | Noticed an orc warrior
  1244 | D:3      | Slain by an orc warrior

Illustrated notes

Levels and vault maps discovered:
D:1:      dpeg_arrival_rooms_c, layout_rooms
D:2:      layout_loops_ring, basic_altar,
          hellmonk_ecumenical_altar_pennies_from_heaven
D:3:      layout_rooms, kennysheep_generic_room_4, uniq_ijyb

Skill      XL: |  1  2 |
---------------+-------+-----
Axes           | 3 |  3.8
Fighting       | |  3.9
Armour         | |  3.7
Shields        | |  3.7

Action                   || total
-------------------------++-------
Melee: War axe           ||    78
  Use: Potion            ||     1
Armor: Scale mail        ||    58
Dodge: Dodged            ||    27
Block: Kite shield       ||    56
